 Dungeon Crawl Stone Soup version 0.20-a0-433-g9e36e56 (webtiles) character file.

41 Amnesiac the Vexing (level 3, 0/24 HPs)
             Began as a Mummy Enchanter on Jan 3, 2017.
             Slain by a jackal (1 damage)
             ... on level 4 of the Dungeon.
             The game lasted 00:06:24 (1933 turns).

Amnesiac the Vexing (Mummy Enchanter)               Turns: 1933, Time: 00:06:25

Health: 0/24       AC:  2    Str: 11    XL:     3   Next: 32%
Magic:  0/8        EV: 12    Int: 14    God:
Gold:   71         SH:  0    Dex: 13    Spells: 2/9 levels left

rFire  x . .     SeeInvis .     d - +0 falchion
rCold  + . .     Gourm    .     b - +0 robe
rNeg   + + +     Faith    .     (no shield)
rPois  ∞         Spirit   .     (no helmet)
rElec  .         Reflect  .     (no cloak)
rCorr  .         Harm     .     (no gloves)
MR     .....                    (no boots)
Stlth  ++........               (no amulet)
                                (no ring)
                                (no ring)

@: no status effects
A: no food or potions, fire vulnerability, cold resistance 1, negative energy
resistance 3, torment resistance, unbreathing
a: no special abilities


You were on level 4 of the Dungeon.
You were not hungry.

You visited 1 branch of the dungeon, and saw 5 of its levels.
You also visited: Sewer.

You collected 71 gold pieces.

Inventory:

Hand Weapons
 a - a +1 dagger
 d - a +0 falchion (weapon)
Missiles
 g - 5 curare-tipped needles
Armour
 b - a +0 robe (worn)
 i - a +0 pair of gloves
Jewellery
 j - a cursed -4 ring of dexterity {unknown}
Scrolls
 f - 2 scrolls of identify
 h - a scroll of remove curse
Books
 c - a book of Maledictions

   Spells                             Type                      Level
   a - Corona                         Hexes                        1
   b - Ensorcelled Hibernation        Hexes/Ice                    2
   c - Confuse                        Hexes                        3
   d - Tukima's Dance                 Hexes                        3
   e - Dazzling Spray                 Conjuration/Hexes            3


   Skills:
 - Level 0.7 Short Blades
 - Level 1.5 Dodging
 - Level 2.4 Stealth
 + Level 3.5 Spellcasting
 * Level 3.6 Hexes


You had 2 spell levels left.
You knew the following spells:

 Your Spells              Type           Power        Failure   Level  Hunger
e - Confuse               Hex            ##......     17%         3    N/A
f - Corona                Hex            ##.....      6%          1    N/A
w - Tukima's Dance        Hex            ##......     17%         3    N/A

Dungeon Overview and Level Annotations

Branches:
Dungeon (5/15)
 Temple: D:4-7

Altars:
Qazlal

Annotations:
D:5 Duvessa


Innate Abilities, Weirdness & Mutations

You do not eat or drink.
Your flesh is vulnerable to fire.
You are immune to poison.
Your flesh is cold resistant. (rC+)
You are immune to negative energy. (rN+++)
You are immune to unholy pain and torment.
You can survive without breathing.


Message History

You closely miss the adder. The adder misses you. The adder bites you.
* * * LOW HITPOINT WARNING * * *
There is a stone staircase leading down here.
Found a bread ration.
The adder bites you.
* * * LOW HITPOINT WARNING * * *
Casting: Confuse
Confirm with . or Enter, or press ? or * to list all spells.
Aiming: Confuse
Press: ? - help, Shift-Dir - straight line, f/p - adder
Aim: an adder (chance to defeat MR: 51%)
The adder resists with significant effort.
The jackal barks!
The adder bites you.
* * * LOW HITPOINT WARNING * * *
Okay, then.
The adder misses you. The jackal bites you.
You die...

#...s................
#...............
#.†.............
#######.......#.......
#...†.........#.......
#>#####.......#...#.#.
#######.# #...........#.#.
........#####........##.o.#.
........##.@.........###..#.
.........#S.h......<#####...
%...........................
.........#####.##.##.##.....
.......### #.#.....###....
....... ###....#####.....
....... #.......# #.#...
....... #.......# #.....
##### +.......##...!#..


You could see an adder and a jackal.

Vanquished Creatures
  An adder (D:3)
  A shadow imp (D:5)
  3 leopard geckos (D:5)
  3 orcs
  A ball python (D:3)
  A giant cockroach (D:5)
  A hobgoblin (D:1)
  2 jackals (D:4)
  A quokka (D:2)
  2 bats (D:2)
  A frilled lizard (D:5)
  A rat (D:2)
18 creatures vanquished.

Notes
Turn   | Place    | Note
-------+----------+-------------------------------------------
     0 | D:1      | Amnesiac the Mummy Enchanter began the quest for the Orb.
     0 | D:1      | Reached XP level 1. HP: 13/13 MP: 4/4
    73 | D:2      | Found a stormy altar of Qazlal.
   147 | D:4      | Noticed a worker ant
   153 | D:5      | Entered Level 5 of the Dungeon
   229 | D:5      | Noticed Duvessa
   261 | D:5      | Reached XP level 2. HP: 19/19 MP: 3/6
   270 | D:5      | Found a glowing drain.
   274 | Sewer    | Entered a sewer
   299 | Sewer    | Noticed Purgy
   665 | D:5      | Noticed a sky beast
   677 | D:5      | Noticed an ice beast
  1214 | D:2      | Reached XP level 3. HP: 15/24 MP: 5/7
  1219 | D:2      | Learned a level 3 spell: Confuse
  1223 | D:2      | Learned a level 3 spell: Tukima's Dance
  1931 | D:4      | HP: 1/24 [adder (1)]
  1933 | D:4      | Slain by a jackal

Vault maps used:
D:1:      dpeg_arrival_orchard
D:2:      grunt_temple_overflow_cloverleaf, serial_forest,
          infiniplex_forest_clump_small, infiniplex_forest_fountain,
          infiniplex_forest_lined_room_3, infiniplex_forest_straight_5,
          infiniplex_forest_straight_4, infiniplex_forest_corner_1,
          infiniplex_forest_join, infiniplex_forest_clump_curved,
          infiniplex_forest_end_1, nicolae_qazlal_eye_of_the_storm, uniq_natasha
D:3:      okawaru_ov_weapons_minmay, uniq_iyjb, uniq_jessica, uniq_robin
D:4:      first_bread, led_xom_imps, uniq_edmund
D:5:      gup_sewer_entry_bowl, uniq_duvessa
Sewer:    kennysheep_door_sewer

Skill      XL: |  1 |
---------------+----+-----
Hexes          | 3 |  3.6
Spellcasting   | 3 |  3.5
Short Blades   | |  0.7
Dodging        | |  1.5
Stealth        | |  2.4

Action                   || total
-------------------------++-------
Melee: Dagger            ||     6
       Falchion          ||    58
 Cast: Corona            ||    16
       Confuse           ||     9
  Use: Scroll            ||     3
 Stab: Confused          ||     2
Armor: Robe              ||     9
Dodge: Dodged            ||    64
       Rpst.: Falchion   ||    15
